 Dungeon Crawl Stone Soup version 0.31-a0-841-g038b102fc3 (webtiles) character file.

Game seed: 9118111025090560012

84 javelincjr the Sneak (level 4, -15/27 HPs)
             Began as an Octopode Hedge Wizard on Sept 27, 2023.
             Was a Follower of Vehumet.
             Killed from afar by Ijyb (19 damage)
             ... with a puff of flame
             ... on level 3 of the Dungeon.
             The game lasted 00:05:21 (2023 turns).

javelincjr the Sneak (Octopode Hedge Wizard)        Turns: 2023, Time: 00:05:22

Health: -15/27     AC:  1    Str:  9    XL:     4   Next: 45%
Magic:  3/9        EV: 13    Int: 18    God:    Vehumet [*.....]
Gold:   69         SH:  0    Dex: 11    Spells: 4/9 levels left

rFire   x . .        k - +3 whip
rCold   + . .        (no shield)
rNeg    . . .        b - +0 hat
rPois   .            (no amulet)
rElec   .            i - ring of flight
rCorr   .            r - ring of ice
SInv    .            (no ring)
Will    .....        (no ring)
Stlth   +++          (no ring)
HPRegen 0.24/turn    (no ring)
MPRegen 0.11/turn    (no ring)
                     (no ring)

%: no passive effects
@: flying
A: almost no armour, amphibious, 8 rings, camouflage 1, gelatinous body 1,
(nimble swimmer 1), tentacles
a: Renounce Religion


You were on level 3 of the Dungeon.
You worshipped Vehumet.
Vehumet was aware of your devotion.
You visited 1 branch of the dungeon, and saw 3 of its levels.

You collected 69 gold pieces.

Inventory:

Hand Weapons
 a - a +0 dagger
 k - a +3 whip (weapon)
Missiles
 l - 6 boomerangs
Armour
 b - a +0 hat (worn)
 d - a +0 kite shield
Jewellery
 i - a ring of flight (left tentacle)
 p - an amulet of faith
 r - a ring of ice (right tentacle)
Scrolls
 e - a scroll of enchant weapon {unknown}
 f - a scroll of identify {unknown}
 g - a scroll of noise {unknown}
 m - 2 scrolls of teleportation {unknown}
 q - a scroll of immolation {unknown}
 s - a scroll of fear {unknown}
 t - a scroll of butterflies {unknown}
Potions
 c - a potion of magic
 h - a potion of ambrosia {unknown}
 j - 3 potions of curing {unknown}
 n - a potion of heal wounds {unknown}
 o - a potion of lignification {unknown}


   Skills:
 + Level 2.4 Dodging
 + Level 3.5 Stealth
 + Level 0.6 Shields
 * Level 3.4 Spellcasting
 + Level 1.8 Conjurations
 + Level 1.8 Summonings
 + Level 1.5 Translocations


You had 4 spell levels left.
You knew the following spells:

 Your Spells              Type           Power      Damage    Failure   Level
a - Magic Dart            Conj           36%        1d4       8%          1
b - Call Imp              Summ           18%        N/A       11%         2
c - Blink                 Tloc           16%        N/A       13%         2

Your spell library contained the following spells:

 Spells                   Type           Power      Damage    Failure   Level
 Kiss of Death            Conj/Necr      24%        2d7       11%         1
 Summon Small Mammal      Summ           36%        N/A       8%          1
 Apportation              Tloc           16%        N/A       9%          1
 Shock                    Conj/Air       24%        1d4       11%         1
 Necrotise                Necr           12%        1d4       16%         1
 Slow                     Hex            12%        N/A       16%         1
 Cigotuvi's Dreadful Rot  Necr/Pois/Air  6%         N/A       24%         2
 Mephitic Cloud           Conj/Pois/Air  5%         N/A       36%         3
 Swiftness                Air            3%         N/A       43%         3
 Airstrike                Air            1%         2d(1-17)  83%         4


Dungeon Overview and Level Annotations

Branches:
Dungeon (3/15)

Altars:
Vehumet

Shops:
D:1 *

Annotations:
D:3 Ijyb


Innate Abilities, Weirdness & Mutations

You cannot wear most types of armour.
You are amphibious.
You can wear up to eight rings at the same time.
Your skin changes colour to match your surroundings (Stealth+).
Your rubbery body absorbs attacks. (AC +1, EV +1)
((You are camouflaged when in or above water. (Stealth+)))
You have tentacles for arms and can constrict up to eight enemies at once.


Message History

Ijyb is lightly wounded.
Casting: Magic Dart (safe; 8% risk of failure)
Confirm with . or Enter, or press ? or * to list all spells.
Aiming: Magic Dart (safe; 8% risk of failure)
Press: ? - help, Shift-Dir - straight line, f/p - Ijyb
Aim: Ijyb, wielding a +0 club, wearing a +0 leather armour and carrying a wand of flame (lightly wounded, ally target, 100% to hit)
The magic dart hits Ijyb.
Ijyb is moderately wounded.
Your cerulean imp hits Ijyb with a -4 spear.
Casting: Magic Dart (safe; 8% risk of failure)
Confirm with . or Enter, or press ? or * to list all spells.
Aiming: Magic Dart (safe; 8% risk of failure)
Press: ? - help, Shift-Dir - straight line, f/p - Ijyb
Aim: Ijyb, wielding a +0 club, wearing a +0 leather armour and carrying a wand of flame (moderately wounded, ally target, 100% to hit)
The magic dart hits Ijyb but does no damage.
Ijyb is moderately wounded.
Ijyb zaps a wand.
The puff of flame hits you. The fire burns you terribly!
Your cerulean imp closely misses Ijyb.
You closely miss Ijyb. Your grab misses Ijyb.
Ijyb is moderately wounded.
Ijyb barely misses you.
Your cerulean imp hits Ijyb but does no damage.
You hit Ijyb but do no damage. You grab Ijyb.
Ijyb is moderately wounded.
You constrict Ijyb, but do no damage. Ijyb misses you.
Your cerulean imp hits Ijyb with a -4 spear.
You hit Ijyb but do no damage.
Ijyb is moderately wounded.
You constrict Ijyb, but do no damage. Ijyb closely misses you.
Your cerulean imp hits Ijyb with a -4 spear.
Ijyb zaps a wand.
The puff of flame hits you! The fire burns you terribly!
Ouch! That really hurt!
* * * LOW HITPOINT WARNING * * *
You hit Ijyb.
Ijyb is heavily wounded.
You constrict Ijyb.
Your cerulean imp hits Ijyb but does no damage.
Ijyb zaps a wand.
The puff of flame hits you!! The fire burns you terribly!
Ouch! That really hurt!
You die...

## ####
####. ...
###....
#.#
....$#
##.#
#.g#####
#.<#
#@5...#
##.##
#...#.#
##..#
###...#
#..##
#..##
#.##
#..####.#
#..)##..#
##...#.##
#.#...#
#.#..##


You could see Ijyb (ally target) and a friendly cerulean imp (summoned).

Vanquished Creatures
  4 adders (D:2)
  An orc (D:3)
  6 ball pythons
  4 endoplasms
  A giant cockroach (D:2)
  4 goblins
  5 hobgoblins
  5 kobolds
  3 quokkas
  3 bats
  2 frilled lizards
  2 rats (D:2)
40 creatures vanquished.

Vanquished Creatures (collateral kills)
  A goblin (D:2)
  A frilled lizard (D:2)
  A rat (D:2)
3 creatures vanquished.

Grand Total: 43 creatures vanquished

Notes
Turn   | Place    | Note
-------+----------+-------------------------------------------
     0 | D:1      | javelincjr the Octopode Hedge Wizard began the quest for
                  | the Orb.
     0 | D:1      | Reached XP level 1. HP: 11/11 MP: 4/4
    19 | D:1      | Found Davvex's General Store.
   260 | D:1      | Reached XP level 2. HP: 17/17 MP: 4/6
   860 | D:2      | Found a radiant altar of Vehumet.
   875 | D:2      | Became a worshipper of Vehumet
  1016 | D:2      | Reached XP level 3. HP: 21/21 MP: 1/7
  1321 | D:2      | Found a faded altar of an unknown god.
  1506 | D:2      | Reached XP level 4. HP: 27/27 MP: 1/9
  1509 | D:2      | Learned a level 2 spell: Call Imp
  1512 | D:2      | Learned a level 2 spell: Blink
  1625 | D:2      | Reached * piety under Vehumet
  1625 | D:2      | Offered knowledge of Kiss of Death by Vehumet.
  2008 | D:3      | Noticed Ijyb
  2023 | D:3      | Killed from afar by Ijyb

Illustrated notes

Levels and vault maps discovered:
D:1:      evilmike_arrival_crescent, layout_loops_ring, serial_shops,
          nicolae_shop_competitors_out_of_business
D:2:      minmay_general_purpose_star, layout_rooms,
          hellmonk_ecumenical_altar_leap_of_faith, basic_altar
D:3:      layout_rooms, uniq_robin, uniq_ijyb

Skill      XL: |  1  2 |
---------------+-------+-----
Stealth        | 3 |  3.5
Dodging        | |  2.4
Shields        | |  0.6
Spellcasting   | |  3.4
Conjurations   | |  1.8
Summonings     | |  1.8
Translocations | |  1.5

Action                     |  1- 3 |  4- 6 || total
---------------------------+-------+-------++-------
  Melee: Dagger            |    15 |       ||    15
         Tentacles         |     6 |     5 ||    11
         Constrict         |     7 |     6 ||    13
         Whip              |     6 |    24 ||    30
   Cast: Magic Dart        |    68 |     5 ||    73
         Call Imp          |       |     6 ||     6
   Stab: Sleeping          |     1 |       ||     1
 Armour: Skin              |    13 |    13 ||    26
  Dodge: Dodged            |    13 |    17 ||    30

Table legend: (Time is in decaauts)
 A = Elapsed time spent in this place.
 B = Non-inter-level travel time spent in this place.
 C = Inter-level travel time spent in this place.
 D = Time resting spent in this place.
 E = Time spent auto-exploring this place.
 F = Levels seen in this place.
 G = Mean time per level.
                   A        B        C        D        E       F      G
               +--------+--------+--------+--------+--------+-----+--------+
         Total |   2024 |   1983 |     41 |     79 |   1621 |   3 |  674.7 |
       Dungeon |   2024 |   1983 |     41 |     79 |   1621 |   3 |  674.7 |
               +--------+--------+--------+--------+--------+-----+--------+

Top non-repeatable levels by time:
     D:2: 1093 daAuts
     D:1: 858 daAuts
     D:3: 72 daAuts
